 Dungeon Crawl Stone Soup version 0.29.1-1-gd02db6906a (webtiles) character file.

Game seed: 16577962942480245372

51541 croobank the Spry (level 14, -5/72 HPs)
             Began as a Felid Summoner on Sept 22, 2022.
             Was an Initiate of Gozag.
             Slain by a culicivora (16 damage)
             ... led by a jorogumo
             ... on level 1 of the Spider Nest on Sept 23, 2022.
             The game lasted 04:31:58 (41787 turns).

croobank the Spry (Felid Summoner)                 Turns: 41787, Time: 04:31:58

Health: -5/72      AC:  3    Str:  4    XL:     14   Next: 23%
Magic:  38/38      EV: 31    Int: 29    God:    Gozag
Gold:   5723       SH:  0    Dex: 18    Spells: 0/33 levels left
                                        Lives:  0   Deaths: 4

rFire   . . .      SeeInvis +     - Unarmed
rCold   + . .      Faith    .   (shield unavailable)
rNeg    . . .      Spirit   .   (body armour unavailable)
rPois   .          Reflect  .   (helmet unavailable)
rElec   .          Harm     .   (cloak unavailable)
rCorr   .          Rampage  .   (gloves unavailable)
Will    ++...                   (boots unavailable)
Stlth   +++.......              J - amulet of magic regeneration
HPRegen 0.22/turn               O - +6 ring of intelligence
MPRegen 0.66/turn               l - ring of magical power

@: lethally poisoned (-5 -> -29), slowed, studying Unarmed Combat, slow
A: very small, claws 1, fangs 3, see invisible, speed 1, shaggy fur 3, stealthy
paws, no weapons or thrown items, no armour, multi-lived
a: Renounce Religion, Potion Petition, Call Merchant, Bribe Branch


You were on level 1 of the Spider Nest.
You worshipped Gozag.
Gozag was greatly pleased with you.
You visited 6 branches of the dungeon, and saw 25 of its levels.
You also visited: Bailey and Ice Cave.

You collected 7377 gold pieces.
You spent 260 gold pieces at shops.
You paid 1394 gold pieces to Gozag.

Inventory:

Missiles
 z - a throwing net
Jewellery
 b - a ring of resist corrosion
 e - a ring of protection from cold
 i - a ring of flight
 j - a ring of protection from cold
 l - a ring of magical power (right paw)
 y - a ring of wizardry
 J - an amulet of magic regeneration (around neck)
 O - a +6 ring of intelligence (left paw)
Wands
 g - a wand of roots (17)
 o - a wand of mindburst (26)
 r - a wand of paralysis (14)
 A - a wand of digging (12)
 B - a wand of light (10)
 D - a wand of polymorph (3)
 H - a wand of flame (6)
Scrolls
 d - 14 scrolls of teleportation
 k - 5 scrolls of vulnerability
 m - 2 scrolls of enchant armour
 u - 4 scrolls of immolation
 v - 2 scrolls of fog
 x - a scroll of magic mapping
 C - a scroll of amnesia
 I - a scroll of torment
 K - 4 scrolls of identify
 L - 2 scrolls of blinking
 N - 2 scrolls of silence
Potions
 a - 5 potions of magic
 c - 2 potions of ambrosia
 f - 4 potions of curing
 h - 7 potions of brilliance
 n - 2 potions of attraction
 p - 6 potions of lignification
 q - 3 potions of resistance
 s - 4 potions of mutation
 t - a potion of haste
 w - 8 potions of might
 G - 4 potions of berserk rage
 M - 2 potions of flight
Miscellaneous
 E - a piece from Xom's chessboard (15/15)
 F - a phantom mirror


   Skills:
 + Level 14.0 Fighting
 + Level 18.2 Dodging
 - Level 4.5 Stealth
 - Level 7.0 Unarmed Combat
 - Level 10.0 Spellcasting
 - Level 10.0 Hexes
 - Level 14.0 Summonings
 + Level 2.8 Necromancy
 + Level 3.1 Transmutations
 - Level 7.0 Air Magic


You couldn't memorise any spells.
You knew the following spells:

 Your Spells              Type           Power      Damage    Failure   Level
a - Summon Small Mammal   Summ           100%       N/A       0%          1
b - Call Imp              Summ           77%        N/A       1%          2
c - Call Canine Familiar  Summ           77%        N/A       1%          3
d - Summon Guardian Gole  Hex/Summ       71%        N/A       1%          3
e - Summon Lightning Spi  Summ/Air       66%        N/A       1%          4
f - Summon Mana Viper     Hex/Summ       71%        N/A       1%          5
g - Summon Cactus Giant   Summ           38%        N/A       1%          6
h - Summon Forest         Summ/Tloc      26%        N/A       6%          5
i - Dispel Undead         Necr           30%        3d14      12%         4

Your spell library contained the following spells:

 Spells                   Type           Power      Damage    Failure   Level
 Necrotise                Necr           100%       1d9       1%          1
 Static Discharge         Conj/Air       34%        3-8/arc   1%          2
 Sublimation of Blood     Necr           30%        N/A       1%          2
 Wereblood                Tmut           32%        N/A       1%          2
 Airstrike                Air            26%        2d(4-20)  1%          4
 Cause Fear               Hex            32%        N/A       1%          4
 Foxfire                  Conj/Fire      56%        2x1d6     3%          1
 Vampiric Draining        Necr           30%        2d8       3%          3
 Silence                  Hex/Air        29%        N/A       3%          5
 Scorch                   Fire           28%        2d6       5%          2
 Searing Ray              Conj           28%        2d5       5%          2
 Yara's Violent Unravell  Hex/Tmut       25%        3d11      7%          5
 Summon Hydra             Summ           38%        N/A       10%         7
 Gell's Gravitas          Tloc           14%        N/A       11%         3
 Lesser Beckoning         Tloc           14%        N/A       11%         3
 Stone Arrow              Conj/Erth      28%        3d8       11%         3
 Teleport Other           Tloc           14%        N/A       11%         3
 Metabolic Englaciation   Hex/Ice        21%        N/A       13%         5
 Lightning Bolt           Conj/Air       17%        1d31      24%         5
 Agony                    Necr           30%        N/A       32%         5
 Flame Wave               Conj/Fire      14%        2d6       36%         4
 Hailstorm                Conj/Ice       14%        3d5       36%         4
 Sticky Flame             Conj/Fire      14%        2d4       36%         4
 Enfeeble                 Hex            32%        N/A       45%         7
 Summon Horrible Things   Summ           38%        N/A       61%         8
 Fireball                 Conj/Fire      7%         3d5       71%         5
 Iskenderun's Battlesphe  Conj           14%        2d7       71%         5
 Spellforged Servitor     Conj/Summ      26%        N/A       87%         7
 Iron Shot                Conj/Erth      7%         9d2       99%         6
 Lehudib's Crystal Spear  Conj/Erth      7%         10d3      100%        8


Dungeon Overview and Level Annotations

Branches:
Dungeon (15/15)            Temple (1/1) D:6            Lair (5/5) D:8
  Swamp (1/4) Lair:2       Spider (1/4) Lair:2        Slime (0/5) Lair:4
    Orc (2/2) D:12            Elf (0/3) Orc:2        Vaults (0/5) D:13
 Depths (0/4) D:15         Bailey (visited)           IceCv (visited)

Altars:
Ashenzari
Cheibriados
Dithmenos
Elyvilon
Gozag
Hepliaklqana
Okawaru
Ru
Sif Muna
Uskayaw
Wu Jian
Xom
Yredelemnul
Zin
The Shining One
Jiyva

Shops:
D:2 (   D:9 *   Orc:2 *?*=

Annotations:
D:15 exclusion: 2 statues


Innate Abilities, Weirdness & Mutations

You have sharp claws.
You have razor-sharp teeth.
You have supernaturally acute eyesight. (SInv)
You cover ground quickly. (Speed+)
Your thick and shaggy fur keeps you warm. (AC +3, rC+)
Your paws help you pounce on unaware monsters.
You are incapable of wielding weapons or throwing items.
You cannot wear armour.
You gain extra lives every three experience levels.


Message History

The demonic crawler barely misses your mana viper.
Your mana viper is engulfed in blazing flames.
Your mana viper bites the demonic crawler!!
The demonic crawler dies!
Your guardian golem is engulfed in blazing flames.
Your cactus giant evades a web.
Your mana viper is engulfed in blazing flames.
Your guardian golem is engulfed in blazing flames.
Your mana viper evades a web.
You start resting.
Your mana viper disappears in a puff of smoke!
Space becomes stable.
You start resting.
Your lightning spire disappears in a puff of smoke!
Your cactus giant disappears in a puff of smoke!
Your guardian golem disappears in a puff of smoke!
Magic restored.
You start waiting.
Done waiting.
There is a hole to the Spider Nest here.
You now have 5723 gold pieces (gained 10).
Done exploring.
There is a hole to the Spider Nest here.
You climb downwards.
Welcome back to the Spider Nest!
This branch contains the gossamer rune of Zot.
The tarantella's many legs skitter faintly. x3
The redback bites you! The tarantella completely misses you.
The wolf spider completely misses you. The wolf spider closely misses you.
A redback comes into view.
The redback completely misses you. The jorogumo hits you!!
You feel yourself slow down. The tarantella completely misses you.
The wolf spider misses you. The wolf spider bites you! The redback bites you!
You are lethally poisoned!
The redback poisons you!
There is a crawl-hole back to the Lair, spattered with blood here.
* * * LOW HITPOINT WARNING * * *
You feel extremely sick. The culicivora bites you!
You die...
Your body crumbles into a pile of gold.

#.... ... ..#
..... #..#..###
##...##........
#......s#.^....
^.........s.. .
......ws... ./.
...[.BssH#...#
...s.sw@s...#
...s.s#ss....#
...## s......#
. ##.....#.#
##...## # #...
#.#. .##.


You could see a jorogumo, a boulder beetle, a steelbarb worm, a torpor snail, 2
wolf spiders, an orb spider (charged), 4 culicivoras, 4 tarantellas and 2
redbacks.

Vanquished Creatures
  A wolf spider (Lair:2)
  3 blink frogs
  A shadow (D:13)
  2 steam dragons (D:8)
  A water moccasin (Lair:2)
  An orc warrior (Orc:2)
  A wolf (IceCv)
  3 bullfrogs
  10 electric eels
  An orc priest (D:9)
  2 orc wizards (Orc:1)
  A spectral killer bee (D:7)
  A white imp (D:8)
  3 orcs
  A bat (D:3)
  A goblin (D:4)
  A hobgoblin (D:2)
  A kobold (D:9)
35 creatures vanquished.

Vanquished Creatures (collateral kills)
  Rupert (Lair:4)
  Jorgrun (D:15)
  Frances (D:13)
  Kirke (Lair:4)
  Louise (D:15)
  An eleionoma (Swamp:1)
  A bunyip (Swamp:1)
  Snorg (Orc:2)
  Josephine (D:13)
  6 hydras
  3 alligators (Swamp:1)
  3 catoblepae (Lair:5)
  2 boulder beetles (Lair:4)
  3 centaur warriors
  A two-headed ogre (D:5)
  13 death yaks
  An orc high priest (Orc:2)
  Sonja (Lair:2)
  A fire crab (Lair:5)
  An iron troll (D:13)
  3 skeletal warriors (D:15)
  Lodul (D:13)
  A bog body (Swamp:1)
  A wizard (D:15)
  4 goliath frogs (Swamp:1)
  A deep elf pyromancer (D:8)
  An orc knight (Orc:2)
  An orc sorcerer (Orc:1)
  2 wolf spiders (D:15)
  3 ugly things (D:15)
  A salamander (shapeshifter) (D:14)
  A manticore (shapeshifter) (D:15)
  2 will-o-the-wisps (Swamp:1)
  6 cyclopes
  9 elephants
  2 manticores (Lair:5)
  4 oklob plants
  Maurice (Orc:1)
  A black mamba (Lair:1)
  A torpor snail (Lair:4)
  6 cane toads
  An unseen horror (D:13)
  A demonic crawler (Lair:2)
  Psyche (D:12)
  4 komodo dragons
  2 rime drakes
  A freezing wraith (D:14)
  An efreet (D:14)
  A kobold demonologist (D:9)
  A polar bear (Lair:1)
  3 tyrant leeches (Swamp:1)
  2 trolls
  5 blink frogs
  7 slime creatures
  A culicivora (Spider:1)
  A water elemental (D:11)
  A shadow (D:13)
  A wyvern (Lair:3)
  A vampire (D:13)
  5 hogs
  4 nameless horrors
  5 wraiths (D:13)
  20 yaks
  A basilisk (Lair:4)
  A redback (Spider:1)
  A steam dragon (D:10)
  10 vampire mosquitoes
  A warg (Orc:1)
  A swamp worm (Swamp:1)
  An acid dragon (D:14)
  9 water moccasins
  26 orc warriors
  3 sky beasts
  2 black bears
  8 ogres
  A wolf (IceCv)
  7 centaurs (Orc:2)
  2 phantoms
  6 bullfrogs
  A kobold brigand (D:9)
  3 necrophages
  4 scorpions
  A wyvern zombie (D:7)
  A gnoll sergeant (D:10)
  2 wights (D:8)
  A howler monkey (D:7)
  A crimson imp (D:10)
  A wyvern simulacrum (D:7)
  5 hounds
  15 orc priests
  2 jellies
  2 iguanas
  18 orc wizards
  Robin (D:2)
  15 gnolls
  9 adders
  A white imp (D:6)
  2 worms (D:2)
  2 dart slugs
  68 orcs
  7 endoplasms
  2 giant cockroaches
  15 goblins
  11 hobgoblins
  7 jackals
  4 quokkas
  11 ball pythons
  6 bats
  4 frilled lizards
  8 kobolds
  5 rats
480 creatures vanquished.

Vanquished Creatures (others)
  Fannar (Lair:1)
  2 hydras
  A boulder beetle (D:12)
  2 centaur warriors
  A two-headed ogre (D:14)
  5 death yaks
  Amaemon (Lair:2)
  A wizard (D:13)
  Pikel (D:6)
  4 orc knights
  A manticore (D:15)
  A cyclops (D:13)
  4 elephants
  2 black mambas (Lair:4)
  An orange demon (Lair:2)
  2 cane toads
  2 komodo dragons
  An unseen horror zombie (D:7)
  9 trolls
  A bloated husk (Swamp:1)
  A hornet (D:7)
  A polar bear (Lair:4)
  A slime creature (D:13)
  Sigmund (D:5)
  A wraith (D:7)
  A culicivora (Lair:2)
  A wyvern (D:10)
  A basilisk (Lair:3)
  22 yaks
  8 vampire mosquitoes
  Menkaure (D:5)
  2 water moccasins
  2 acid dragons (D:11)
  6 orc warriors
  An ice beast (D:5)
  A sky beast (D:7)
  7 ogres
  2 centaurs (Orc:2)
  4 wolves (IceCv)
  2 lemures (D:6)
  A necrophage (D:8)
  5 wights (D:8)
  A gnoll sergeant (D:9)
  A hornet simulacrum (D:13)
  An orc priest (D:5)
  2 orc wizards
  3 gnolls
  A white imp (D:10)
  3 orcs (Bailey)
  An endoplasm (D:2)
  13 foxfires (Swamp:1)
  25 fungi
  43 plants
  3 snaplasher vines
  21 withered plants (D:7)
233 creatures vanquished.

Grand Total: 748 creatures vanquished

Notes
Turn   | Place    | Note
-------+----------+-------------------------------------------
     0 | D:1      | croobank the Felid Summoner began the quest for the Orb.
     0 | D:1      | Reached XP level 1. HP: 7/7 MP: 4/4
   346 | D:1      | Reached skill level 3 in Dodging
   382 | D:1      | Reached XP level 2. HP: 11/11 MP: 4/6
   411 | D:1      | Learned a level 2 spell: Call Imp
  1025 | D:1      | Reached XP level 3. HP: 14/14 MP: 4/7
  1044 | D:1      | Learned a level 3 spell: Call Canine Familiar
  1396 | D:2      | Noticed Robin
  2280 | D:2      | Found Woclauqa's Weapon Shop.
  2293 | D:2      | Reached XP level 4. HP: 17/18 MP: 0/8
  2482 | D:2      | Killed Robin
  3176 | D:3      | Identified the +1 robe "Xodgh" {Harm rC+ Dex-4}
  3367 | D:3      | Identified the +1 ring mail of Servitude {-Tele Fly rC+}
  4308 | D:4      | Noticed a scorpion
  4387 | D:4      | Killed a scorpion
  4388 | D:4      | Reached skill level 4 in Dodging
  4388 | D:4      | Reached XP level 5. HP: 16/21 MP: 0/10
  4392 | D:4      | Learned a level 3 spell: Summon Guardian Golem
  4550 | D:4      | Noticed an ogre
  4565 | D:4      | Killed an ogre
  4566 | D:4      | Reached skill level 1 in Fighting
  4566 | D:4      | Reached skill level 1 in Hexes
  4857 | D:4      | Gained mutation: You are covered in thick fur. (AC +2)
                  | [Felid growth]
  4857 | D:4      | Reached XP level 6. HP: 25/25 MP: 5/11
  5184 | D:4      | Reached skill level 5 in Summonings
  5427 | D:4      | Noticed a water moccasin
  5465 | D:4      | Reached skill level 5 in Dodging
  5476 | D:4      | HP: 1/25 [poisoned by a water moccasin]
  5477 | D:4      | Killed a water moccasin
  5478 | D:4      | Reached XP level 7. HP: 2/30 MP: 9/13
  6221 | D:5      | Entered Level 5 of the Dungeon
  6526 | D:5      | Noticed Sigmund
  6545 | D:5      | Killed Sigmund
  6655 | D:4      | Mangled by an ogre
  6656 | D:4      | Reached XP level 6. HP: -13/27 MP: 13/13
  6916 | D:4      | Reached XP level 7. HP: 11/30 MP: 5/14
  6919 | D:4      | Reached skill level 6 in Dodging
  7316 | D:5      | Identified the +4 ring mail "Hesimara" {*Slow rF+++ Regen+
                  | Str+2}
  7326 | D:5      | Noticed Menkaure
  7333 | D:5      | Killed Menkaure
  7334 | D:5      | Reached skill level 5 in Hexes
  7794 | D:5      | Reached XP level 8. HP: 36/36 MP: 6/16
  7801 | D:5      | Learned a level 4 spell: Summon Lightning Spire
  7940 | D:5      | Noticed a two-headed ogre
  7999 | D:5      | Reached skill level 5 in Spellcasting
  8008 | D:5      | Killed a two-headed ogre
  8009 | D:5      | Reached skill level 7 in Dodging
  8786 | D:6      | Reached XP level 9. HP: 39/39 MP: 14/18
  9163 | D:6      | Noticed Pikel
  9170 | D:6      | Killed Pikel
  9171 | D:6      | Reached skill level 5 in Fighting
  9171 | D:6      | Reached skill level 8 in Dodging
  9366 | D:6      | Found a staircase to the Ecumenical Temple.
  9936 | D:7      | Paralysed by a hornet for 1 turns
 10433 | D:7      | Found a glowing silver altar of Zin.
 10437 | D:7      | Found a shimmering altar of Xom.
 10441 | D:7      | Found a hazy altar of Hepliaklqana.
 10572 | D:7      | Reached skill level 5 in Unarmed Combat
 10613 | Temple   | Entered the Ecumenical Temple
 10618 | Temple   | Became a worshipper of Gozag Ym Sagoz the Greedy
 11467 | D:7      | Noticed a +0 dagger
 11467 | D:7      | Noticed a +0 hand axe
 11468 | D:7      | Found a hide-covered altar of Uskayaw.
 11862 | D:7      | Found the +4 dagger "Morg" {pain, Will+ Int+5}
 11915 | D:7      | Reached XP level 10. HP: 45/45 MP: 20/20
 12055 | D:8      | Reached skill level 9 in Dodging
 12184 | D:8      | Noticed a deep elf pyromancer
 12192 | D:8      | Killed a deep elf pyromancer
 12332 | D:8      | Found a staircase to the Lair.
 13484 | D:9      | Found Xiyliax's General Store.
 13541 | D:9      | Killed by an exploding themself... ignited by their inner
                  | flame
 13542 | D:9      | Reached XP level 9. HP: -14/42 MP: 18/29
 13544 | D:9      | Found a flagged portal.
 13608 | Bailey   | Entered a bailey
 14253 | Bailey   | Noticed an orc knight
 14269 | Bailey   | Killed an orc knight
 14282 | Bailey   | Reached XP level 10. HP: 46/46 MP: 18/21
 14525 | D:9      | Got the Catalogue of the Barracuda
 14577 | D:9      | Reached skill level 10 in Dodging
 14850 | D:9      | Noticed a centaur warrior
 14865 | D:9      | Killed a centaur warrior
 14866 | D:9      | Reached skill level 5 in Air Magic
 15139 | D:9      | Identified the +2 robe of Qazlal, Hammering {rPois rN+
                  | Dex+4}
 15421 | D:10     | Entered Level 10 of the Dungeon
 16411 | D:10     | Reached XP level 11. HP: 24/50 MP: 23/23
 16626 | D:10     | Reached skill level 11 in Dodging
 18387 | D:11     | Identified the +5 plate armour of Tortured the Leaf {Dex+5}
 18644 | D:12     | Noticed a boulder beetle
 18767 | D:12     | Killed a boulder beetle
 19105 | D:12     | Found a staircase to the Orcish Mines.
 19439 | D:12     | Noticed Psyche
 19451 | D:12     | Killed Psyche
 20067 | Lair:1   | Entered Level 1 of the Lair of Beasts
 20693 | Lair:1   | Identified a scroll of acquirement
 20693 | Lair:1   | Acquired the Handbook of Assembling
 20709 | Lair:1   | Learned a level 5 spell: Summon Mana Viper
 20871 | Lair:1   | Noticed Fannar
 20882 | Lair:1   | Killed Fannar
 20883 | Lair:1   | Reached skill level 12 in Dodging
 20883 | Lair:1   | Gained mutation: Your thick and shaggy fur keeps you warm.
                  | (AC +3, rC+) [Felid growth]
 20883 | Lair:1   | Reached XP level 12. HP: 50/56 MP: 17/25
 21091 | Lair:1   | Reached skill level 10 in Summonings
 21642 | Lair:2   | Noticed Sonja
 21661 | Lair:2   | Killed Sonja
 22104 | Lair:2   | Found a hole to the Spider Nest.
 22868 | Lair:2   | Found a staircase to the Swamp.
 23079 | Lair:2   | Noticed a four-headed hydra
 23086 | Lair:2   | Killed a four-headed hydra
 23121 | Lair:2   | Learned a level 6 spell: Summon Cactus Giant
 23138 | Lair:2   | Noticed Amaemon
 23172 | Lair:2   | Killed Amaemon
 24685 | Lair:3   | Found a frozen archway.
 24714 | IceCv    | Entered an ice cave
 25177 | IceCv    | Noticed a death yak
 25178 | IceCv    | Noticed a death yak
 25179 | IceCv    | Noticed a death yak
 25189 | IceCv    | Killed a death yak
 25197 | IceCv    | Killed a death yak
 25626 | IceCv    | Noticed an ironbound frostheart
 25626 | IceCv    | Noticed a death yak
 25626 | IceCv    | Noticed a death yak
 25626 | IceCv    | Noticed a death yak
 25626 | IceCv    | Noticed an ironbound frostheart
 25653 | IceCv    | Noticed a death yak
 26152 | IceCv    | Killed a death yak
 26603 | Lair:3   | Reached skill level 13 in Dodging
 27021 | Lair:4   | Noticed Kirke
 27279 | Lair:4   | Noticed a death yak
 27279 | Lair:4   | Noticed a death yak
 27282 | Lair:4   | Noticed a death yak
 27286 | Lair:4   | Noticed a death yak
 27294 | Lair:4   | Killed a death yak
 27295 | Lair:4   | Reached XP level 13. HP: 61/61 MP: 16/27
 27450 | Lair:4   | Reached skill level 10 in Fighting
 27460 | Lair:4   | Noticed Rupert
 27461 | Lair:4   | Noticed a sphinx
 27598 | Lair:4   | Killed Rupert
 27627 | Lair:4   | Noticed a sphinx
 27628 | Lair:4   | Killed Kirke
 27629 | Lair:4   | Reached skill level 10 in Spellcasting
 27705 | Lair:4   | Mangled by a boulder beetle
 27706 | Lair:4   | Reached XP level 12. HP: -9/58 MP: 11/27
 27800 | Lair:4   | Found a staircase to the Slime Pits.
 27832 | Lair:4   | Found a viscous altar of Jiyva.
 28357 | Lair:4   | Reached skill level 14 in Dodging
 28357 | Lair:4   | Reached skill level 10 in Hexes
 28837 | Lair:4   | Noticed a five-headed hydra
 28857 | Lair:4   | Noticed a death yak
 28859 | Lair:4   | Noticed a boulder beetle
 28860 | Lair:4   | Killed a five-headed hydra
 28905 | Lair:4   | Killed a death yak
 29232 | Lair:4   | Killed a boulder beetle
 29465 | Lair:4   | Killed a boulder beetle
 29856 | Lair:5   | Entered Level 5 of the Lair of Beasts
 29895 | Lair:5   | Reached XP level 13. HP: 62/63 MP: 28/28
 30631 | Lair:5   | Found an ornate altar of the Wu Jian Council.
 30656 | Lair:5   | Reached skill level 15 in Dodging
 32245 | Lair:5   | Learned a level 5 spell: Summon Forest
 32440 | Orc:1    | Entered Level 1 of the Orcish Mines
 32486 | Orc:1    | You fall into a shaft and drop 1 floor!
 32486 | Orc:2    | Entered Level 2 of the Orcish Mines
 32509 | Orc:2    | Acquired the Tome of Execration and Blasting
 32509 | Orc:2    | Noticed Snorg
 32606 | Orc:2    | Found Qien's General Store.
 32606 | Orc:2    | Found Zugudu's Magic Scroll Boutique.
 32608 | Orc:2    | Found Pupessoo's Assorted Antiques.
 32611 | Orc:2    | Found Poufaxon's Jewellery Shoppe.
 32624 | Orc:2    | Bought a scroll of blinking for 105 gold pieces
 32627 | Orc:2    | Bought a potion of heal wounds for 155 gold pieces
 32654 | Orc:2    | Killed Snorg
 32712 | Orc:2    | Found a staircase to the Elven Halls.
 33159 | Orc:1    | Noticed Maurice
 33189 | Orc:1    | Killed Maurice
 33321 | Orc:1    | Found a shimmering blue altar of Sif Muna.
 34010 | Orc:2    | Reached skill level 16 in Dodging
 34371 | Orc:2    | HP: 3/64 [orc knight/bolt (32)]
 34378 | Orc:2    | Reached XP level 14. HP: 42/69 MP: 23/29
 35484 | Orc:1    | Got Sif Muna's Guide on Flames
 35557 | D:13     | Noticed Lodul
 35566 | D:13     | Killed Lodul
 36237 | D:13     | Learned a level 4 spell: Dispel Undead
 36309 | D:13     | Noticed Josephine
 36323 | D:13     | Killed Josephine
 36771 | D:13     | Noticed Frances
 37554 | D:14     | Found an opulent altar of Gozag.
 38057 | D:14     | Reached skill level 17 in Dodging
 38224 | D:15     | Entered Level 15 of the Dungeon
 39112 | D:15     | Identified the +5 tower shield "Soekyog" {*Slow Will+ Int+4
                  | SInv}
 39112 | D:15     | Noticed Louise
 39124 | D:15     | Killed Louise
 39455 | D:15     | Noticed Jorgrun
 39473 | D:15     | Killed Jorgrun
 39725 | D:15     | Found a staircase to the Depths.
 40097 | D:13     | Killed Frances
 40589 | D:13     | Found a gate to the Vaults.
 40808 | Swamp:1  | Entered Level 1 of the Swamp
 40979 | Swamp:1  | Reached skill level 1 in Necromancy
 40979 | Swamp:1  | Reached skill level 1 in Transmutations
 40979 | Swamp:1  | Reached XP level 15. HP: 75/75 MP: 20/30
 40992 | Swamp:1  | Reached skill level 18 in Dodging
 41565 | Swamp:1  | HP: 1/75 [spriggan druid/angry trees (15)]
 41566 | Swamp:1  | Killed from afar by a spriggan druid
 41567 | Swamp:1  | Reached XP level 14. HP: -13/72 MP: 27/38
 41614 | Spider:1 | Entered Level 1 of the Spider Nest
 41787 | Spider:1 | Slain by a culicivora

Illustrated notes

Levels and vault maps discovered:
D:1:      dpeg_arrival_houses_and_road, layout_loops_ring
D:2:      layout_basic, serial_shops, nicolae_shop_bloodbath_and_beyond,
          minmay_unequal, uniq_robin
D:3:      layout_loops_corners, st_stairs_7
D:4:      minmay_chambers_of_threes, layout_cave_pods
D:5:      layout_cave_pools, minmay_manual_mail, uniq_sigmund, uniq_menkaure
D:6:      layout_layer_cave, minmay_temple_entry_from_below_a, uniq_pikel
D:7:      layout_loops_corners, grunt_temple_overflow_diamond,
          dancing_weapons_uskayaw, dilly_guarded_unrand_morg
D:8:      layout_cave_pools, lair_entry_dummy, chequers_serial_rivers_large_b,
          st_stairs_3, minivault_5, kennysheep_just_a_vault
D:9:      layout_irregular_city, serial_shops, nicolae_shop_hallway_stairs,
          enter_bailey_2
D:10:     layout_irregular_city, minmay_fire_ice_demons
D:11:     layout_basic, serial_bayou_ford_a
D:12:     layout_roguey, minmay_orc_entry_temple_small, evilmike_butchery,
          uniq_psyche
D:13:     layout_basic, david_vaults_4, uniq_lodul, uniq_josephine, uniq_frances
D:14:     layout_cave_pods, nicolae_gozag_seed_capital
D:15:     hangedman_depths_entry_try_elsewhere_first, layout_irregular_city,
          minivault_11, drop_trap, minmay_dual_archer_statues, uniq_jorgrun,
          uniq_louise
Temple:   dpeg_three_leaves_temple
Lair:1:   layout_regular_city, grunt_megastairs_3, serial_bayou_shore_b,
          serial_bayou_shore_a, lemuel_fruit_tree, infiniplex_staircase_pool_2,
          uniq_fannar
Lair:2:   layout_regular_city, minmay_swamp_entry_eels,
          spider_nest_entry_funnel_web, uniq_sonja, uniq_amaemon
Lair:3:   layout_gridlike, portal_ice_cave_entry_pillars_1
Lair:4:   nzn_winding_woodlands_stair_cross
          [nzn_winding_woodlands_5x15_sawtooth,
          nzn_winding_woodlands_center_diamonds,
          nzn_winding_woodlands_5x15_default,
          nzn_winding_woodlands_5x5_perimeter,
          nzn_winding_woodlands_5x5_open_star,
          nzn_winding_woodlands_5x15_zeroes,
          nzn_winding_woodlands_center_triple_pond,
          nzn_winding_woodlands_5x15_default], layout_cellular_growth,
          minmay_slime_entry_oklob_open, uniq_kirke, uniq_rupert
Lair:5:   evilmike_catoblepas_cave, layout_misc_corridors, lemuel_oklob_altar
Swamp:1:  layout_basic_swamp, hangedman_swamp_ruin_wall
Spider:1: nicolae_spider_hilbert_zone_5 [nicolae_spider_hilbert_3_sides_1_open,
          nicolae_spider_hilbert_4_sides_1_open,
          nicolae_spider_hilbert_4_sides_1_open,
          nicolae_spider_hilbert_6_sides_1_open,
          nicolae_spider_hilbert_6_sides_1_open]
Orc:1:    layout_caves, led_sif_book, uniq_maurice
Orc:2:    st_orc_rangers, layout_diamond_mine, uniq_snorg

Skill      XL: |  1  2  3  4  5  6  7  8  9 10 11 12 13 14 15 |
---------------+----------------------------------------------+-----
Dodging        | 3 4 5 6 7 8 10 12 14 16 17 18 | 18.2
Stealth        | 3 4 |  4.5
Spellcasting   | 3 4 5 7 8 9 10 | 10.0
Fighting       | 1 2 3 4 5 7 8 9 12 13 14 | 14.0
Hexes          | 1 4 5 10 9 | 10.0
Summonings     | 5 6 7 9 10 13 14 | 14.0
Unarmed Combat | 3 7 6 |  7.0
Air Magic      | 2 3 5 6 7 |  7.0
Necromancy     | 1 2 |  2.8
Transmutations | 1 3 |  3.1

Action                   |  1- 3 |  4- 6 |  7- 9 | 10-12 | 13-15 || total
-------------------------+-------+-------+-------+-------+-------++-------
Melee: Unarmed           |     9 |    10 |    20 |    41 |    16 ||    96
       Bite              |       |       |     3 |     2 |     2 ||     7
       Punch             |       |       |     1 |     3 |     2 ||     6
 Cast: Summon Small Mamm |    48 |    49 |    87 |   113 |    31 ||   328
       Call Imp          |    18 |    14 |    23 |    26 |     9 ||    90
       Call Canine Famil |     3 |    19 |    51 |    78 |    17 ||   168
       Summon Guardian G |       |     9 |    42 |   128 |   110 ||   289
       Summon Lightning  |       |       |     2 |    47 |    90 ||   139
       Summon Mana Viper |       |       |       |    23 |    97 ||   120
       Summon Cactus Gia |       |       |       |     8 |    85 ||    93
       Summon Forest     |       |       |       |       |    22 ||    22
Invok: Potion Petition   |       |       |       |       |     2 ||     2
Evoke: Wand              |       |       |     9 |    44 |     5 ||    58
  Use: Scroll            |     3 |       |     8 |    17 |    12 ||    40
       Potion            |       |     1 |     2 |     2 |    14 ||    19
 Stab: Sleeping          |       |     1 |       |     1 |       ||     2
       Distracted        |       |       |     2 |     2 |       ||     4
       Invisible         |       |       |       |       |     2 ||     2
Armor: Skin              |     1 |     2 |     1 |     4 |     7 ||    15
Dodge: Dodged            |    41 |    41 |    82 |   174 |   183 ||   521
